 Dungeon Crawl Stone Soup version 0.31-a0-185-g9dded2c639 (webtiles) character file.

Game seed: 3769702952729174562

32 qw the Shooter (level 3, -2/20 HPs)
             Began as a Deep Elf Hunter on June 22, 2023.
             Killed from afar by Sigmund (11 damage)
             ... with a puff of flame
             ... on level 2 of the Dungeon.
             The game lasted 00:00:15 (761 turns).

qw the Shooter (Deep Elf Hunter)                     Turns: 761, Time: 00:00:15

Health: -2/20      AC:  4    Str: 10    XL:     3   Next: 8%
Magic:  5/5        EV: 12    Int: 13    God:
Gold:   34         SH:  0    Dex: 18    Spells: 2/2 levels left

rFire   . . .        Y - +0 shortbow
rCold   . . .        (shield currently unavailable)
rNeg    . . .        c - +0 leather armour
rPois   .            (no helmet)
rElec   .            (no cloak)
rCorr   .            (no gloves)
SInv    .            g - +0 pair of boots
Will    .....        (no amulet)
Stlth   ++           (no ring)
HPRegen 0.23/turn    (no ring)
MPRegen 0.09/turn

%: no passive effects
@: no status effects
A: no striking features
a: no special abilities


You were on level 2 of the Dungeon.
You visited 1 branch of the dungeon, and saw 2 of its levels.

You collected 34 gold pieces.


   Skills:
 - Level 1.5 Fighting
 + Level 6.7 Ranged Weapons
 - Level 2.4 Dodging
 - Level 1.2 Stealth


You had 2 spell levels left.
You didn't know any spells.
Your spell library was empty.

Inventory:

Hand Weapons
 Y - a +0 shortbow (weapon)
Armour
 c - a +0 leather armour (worn)
 g - a +0 pair of boots (worn)
Jewellery
 e - a ring of ice
Potions
 d - a potion of mutation {unknown}
 h - a potion of resistance {unknown}
 i - a potion of might

Dungeon Overview and Level Annotations

Branches:
Dungeon (2/15)

Altars:

Annotations:
D:2 Sigmund


Message History

Your experience leads to an increase in your attributes!
Increase (S)trength, (I)ntelligence, or (D)exterity?
You feel stronger. x2
You see here a dart slug corpse.
An endoplasm comes into view.
Enter note:
Enter note: You shoot an arrow.
The arrow hits the endoplasm.
You kill the endoplasm!
Sigmund the Dreaded comes into view.
He is wielding a +0 scythe.
Enter note:
Enter note: You shoot an arrow.
The arrow hits Sigmund!
Sigmund shouts!
Sigmund is moderately wounded.
You shoot an arrow.
The arrow hits Sigmund but does no damage.
Sigmund is moderately wounded.
You shoot an arrow. The arrow hits Sigmund.
Sigmund is moderately wounded.
You shoot an arrow. The arrow barely misses Sigmund.
You shoot an arrow.
The arrow hits Sigmund but does no damage.
Sigmund is moderately wounded.
Sigmund hits you from afar with a +0 scythe!
Ouch! That really hurt!
Enter note:
Enter note:
760 ||| READING scroll labelled PAODGHA HOBIKE.
As you read the scroll labelled PAODGHA HOBIKE, it crumbles to dust.
You feel aware of your surroundings.
It was a scroll of revelation.
Enter note:
Enter note:
Enter note:
Enter note: Sigmund casts a spell at you.
The puff of flame hits you!
Ouch! That really hurt!
You die...

#####################
#######.............#
#######.#######.###.####
#######.........# #.....
#######.#######.###.####
#######.#######.....#*,,
#######@#########.####..
#######.#######.........
#######.#######.........
#######@#######...###...
#######.................
#######.#######..#......
######...######%.#......
######...######..#......
######...##.....<......#


You could see Sigmund.

Vanquished Creatures
  4 dart slugs
  A ball python (D:1)
  6 endoplasms
  A goblin (D:1)
  3 hobgoblins
  A kobold (D:2)
  2 bats
  3 rats (D:1)
21 creatures vanquished.

Notes
Turn   | Place    | Note
-------+----------+-------------------------------------------
     0 | D:1      | qw the Deep Elf Hunter began the quest for the Orb.
     0 | D:1      | Reached XP level 1. HP: 12/12 MP: 3/3
     0 | D:1      | 0 ||| qw: Version: 0.3-a-9-g12657ce
     0 | D:1      | 0 ||| qw: Game counter: 1713
     0 | D:1      | 0 ||| qw: Always use a shield: true
     0 | D:1      | 0 ||| qw: God list: Okawaru
     0 | D:1      | 0 ||| qw: Allow faded altars: false
     0 | D:1      | 0 ||| qw: Do Orc after D:15 true
     0 | D:1      | 0 ||| qw: Do second Lair branch before Depths: true
     0 | D:1      | 0 ||| qw: Lair rune preference: random
     0 | D:1      | 0 ||| qw: Plans: Normal
     0 | D:1      | 0 ||| PLANNING D:1-11
   266 | D:1      | Reached skill level 6 in Ranged Weapons
   266 | D:1      | Reached XP level 2. HP: 16/16 MP: 4/4
   352 | D:1      | Found a faded altar of an unknown god.
   571 | D:1      | 571 ||| UPGRADING to +0 pair of boots.
   576 | D:1      | 576 ||| READING scroll labelled HEETUMP QEXOMIGI.
   605 | D:1      | 605 ||| READING scroll labelled HAIDACZEDUI.
   606 | D:1      | 606 ||| DRINKING 2 yellow potions.
   607 | D:1      | 607 ||| DROPPING scroll of butterflies.
   720 | D:2      | Reached XP level 3. HP: 20/20 MP: 5/5
   754 | D:2      | Noticed Sigmund
   760 | D:2      | 760 ||| READING scroll labelled PAODGHA HOBIKE.
   761 | D:2      | Killed from afar by Sigmund

Levels and vault maps discovered:
D:1:      minmay_arrival_checkered_box, layout_loops_ring,
          hellmonk_ecumenical_altar_run_dry, minmay_misc_feat_roman
D:2:      layout_loops_ring, uniq_sigmund

Skill      XL: |  1 |
---------------+----+-----
Ranged Weapons | 6 |  6.7
Fighting       | |  1.5
Dodging        | |  2.4
Stealth        | |  1.2

Action                     || total
---------------------------++-------
   Fire: Shortbow          ||    42
    Use: Scroll            ||     3
         Potion            ||     1
 Armour: Leather armour    ||     2
  Dodge: Dodged            ||     4

Table legend:
 A = Non-vault XP
 B = Vault XP
 C = Vault XP percentage of total XP
 D = Non-vault monster count
 E = Vault monster count
 F = Vault count percentage of total count
                 A         B        C        D         E       F
            +---------+---------+-------+---------+---------+-------
      Total |      46 |       0 |   0.0 |      21 |       0 |   0.0
            +---------+---------+-------+---------+---------+-------
        D:1 |      26 |       0 |   0.0 |      13 |       0 |   0.0
        D:2 |      20 |       0 |   0.0 |       8 |       0 |   0.0
            +---------+---------+-------+---------+---------+-------
